Map: Central Protocol

Players

Soundwave

  • Race: Zerg Zerg

A.I. 1 (Very Hard) - Winner!

  • Race: Terran Terran

VOD

Have the link to the VOD?

Description

Time

  • Played on: Nov. 16, 2015, 1:02 p.m.
  • Length: 5:17
Show
View Real Time Build Order
Export as new Build Order

Soundwave Zerg 

Build Orders: Hatch First 

Get SALT Encoding   

  12  0:03  Drone  
  13  0:18  Drone  
  14  0:22  Overlord  
  14  0:55  Hatchery, Drone  
  14  1:03  Spawning Pool  
  13  1:16  Drone  
  13  1:17  Drone x2  
  16  1:25  Extractor  
  16  1:28  Drone  
  16  1:38  Drone  
  17  1:54  Drone  
  18  2:03  Zergling x2  
  19  2:24  Drone  
  19  2:25  Drone x3, Queen  
  19  2:26  Extractor  
  24  2:31  Overlord  
  24  2:33  Hatchery  
  23  2:39  Metabolic Boost  
  23  2:51  Drone x2  
  23  2:52  Drone  
  26  3:01  Queen  
  28  3:11  Drone x4  
  32  3:16  Zergling x2  
  33  3:31  Drone  
  33  3:32  Drone  
  35  3:37  Queen  
  36  3:49  Queen  
  36  3:51  Drone x4  
  36  3:54  Overlord  
  40  4:12  Roach Warren  
  37  4:21  Zergling x10  
  37  4:22  Zergling x6  
  41  4:32  Zergling x4  
  41  4:33  Zergling x2  
  39  4:50  Zergling x4  
  39  4:51  Zergling x4  
  39  4:52  Zergling x2  
Show
View Real Time Build Order
Export as new Build Order

A.I. 1 (Very Hard) Terran - Winner!

Build Orders: MMM Bio 

Get SALT Encoding   

  12  0:00  SCV  
  13  0:13  SCV  
  14  0:18  Supply Depot  
  14  0:25  SCV  
  15  0:40  SCV  
  16  0:43  Barracks  
  16  0:47  Refinery  
  16  0:52  SCV  
  17  1:03  Barracks  
  17  1:05  SCV  
  18  1:17  SCV  
  19  1:29  Orbital Command  
  19  1:30  Marine  
  20  1:40  Barracks  
  20  1:48  Marine  
  20  1:50  Marine  
  22  1:57  Supply Depot  
  22  2:00  SCV  
  23  2:06  Barracks Tech Lab  
  23  2:09  Barracks Tech Lab  
  23  2:19  SCV  
  24  2:24  Marine  
  24  2:26  Stimpack  
  24  2:27  Marine x2  
  24  2:29  Concussive Shells  
  27  2:36  Supply Depot  
  27  2:42  Marine  
  28  2:44  Marine x2  
  28  2:45  SCV  
  31  3:01  Marauder  
  31  3:02  Marine  
  31  3:03  Marauder  
  36  3:06  Supply Depot  
  36  3:20  SCV, Marine  
  36  3:21  Marine  
  36  3:22  Combat Shields  
  39  3:27  Marine  
  39  3:28  Supply Depot  
  40  3:38  Marine  
  40  3:40  Marauder  
  43  3:46  Refinery  
  43  3:55  SCV  
  44  4:07  SCV  
  45  4:13  Factory  
  45  4:20  SCV  
  46  4:27  Supply Depot  
  46  4:32  SCV  
  47  4:40  Marine  
  47  4:41  Marauder, Marine  
  51  4:52  Command Center  
  53  5:03  Barracks Reactor, Starport  
Tags
 
Composition
MMM Bio
Matchup
TvZ
Replay Pack
First Pack
Add a new tag
Caveats
  • Supply blocks, unpowered buildings, or Contaminate may cause inaccurate times.
  • Supply counts are checked every 10 seconds.